 Dungeon Crawl Stone Soup version 0.32-a0-913-g739538afd8 (webtiles) character file.

Game seed: 1384750115960429769

91 GiantSquids the Chopper (level 4, -2/38 HPs)
             Began as a Mountain Dwarf Fighter on Apr 7, 2024.
             Was an Initiate of Makhleb.
             Incinerated by a bombardier beetle (3 damage)
             ... with a burning spray
             ... on level 3 of the Dungeon.
             The game lasted 00:02:25 (1984 turns).

GiantSquids the Chopper (Mountain Dwarf Fighter)    Turns: 1984, Time: 00:02:26

Health: -2/38      AC: 13    Str: 24    XL:     4   Next: 34%
Magic:  4/4        EV: 10    Int:  8    God:    Makhleb [......]
Gold:   167        SH:  4    Dex:  9    Spells: 3/3 levels left

rFire   . . .        r - +7 short sword of Yeast {flame, rElec Str+3}
rCold   . . .        c - +0 buckler
rNeg    . . .        o - +0 plate armour
rPois   .            (no helmet)
rElec   +            w - +0 cloak
rCorr   .            (no gloves)
SInv    .            e - +0 pair of boots
Will    .....        (no amulet) Stlth
                     s - +5 ring of evasion
HPRegen 0.26/turn    (no ring)
MPRegen 0.09/turn

%: no passive effects
@: on fire, glowing
A: runic magic, artefact enchanting
a: Renounce Religion


You were on level 3 of the Dungeon.
You worshipped Makhleb.
Makhleb was noncommittal.
You visited 1 branch of the dungeon, and saw 3 of its levels.

You collected 167 gold pieces.

Inventory:

Hand Weapons
 a - a +0 war axe
 r - the +7 short sword of Yeast (weapon) {flame, rElec Str+3}
   (You found it on level 2 of the Dungeon)

   Str+3:     It affects your strength (+3).
   rElec:     It insulates you from electricity.
Missiles
 h - 40 stones (quivered)
Armour
 c - a +0 buckler (worn)
 e - a +0 pair of boots (worn)
 o - a +0 plate armour (worn)
 w - a +0 cloak (worn)
Jewellery
 f - a ring of fire
 s - a +5 ring of evasion (left hand)
Scrolls
 b - a scroll of brand weapon {unknown}
 j - a scroll of amnesia {unknown}
 k - a scroll of identify {unknown}
 l - a scroll of fog {unknown}
 p - 5 scrolls of vulnerability {unknown}
 t - a scroll of noise {unknown}
 u - a scroll of teleportation {unknown}
 v - a scroll of silence {unknown}
Potions
 d - a potion of might
 g - a potion of lignification {unknown}
 i - 2 potions of haste {unknown}
 m - a potion of curing {unknown}
 n - a potion of brilliance {unknown}
 q - 2 potions of heal wounds {unknown}


   Skills:
 - Level 3.2 Fighting
 + Level 5.6 Axes
 - Level 3.2 Armour
 - Level 3.2 Shields


You had 3 spell levels left.
You didn't know any spells.
Your spell library was empty.

Dungeon Overview and Level Annotations

Branches:
Dungeon (3/15)

Altars:
Makhleb
Uskayaw


Innate Abilities, Weirdness & Mutations

Your spellcasting is much less encumbered by armour.
You can use scrolls of enchantment on lesser artefacts.


Message History

The bombardier beetle is severely wounded.
The liquid fire burns you!
You hit the bombardier beetle but do no damage.
The bombardier beetle is severely wounded.
The liquid fire burns you!
The bombardier beetle sprays incendiary fluid at you.
The burning spray hits you.
You are even more covered in liquid fire!
You hit the bombardier beetle. You burn the bombardier beetle.
The bombardier beetle is severely wounded.
The liquid fire burns you!
You barely miss the bombardier beetle.
The bombardier beetle is severely wounded.
The liquid fire burns you! The bombardier beetle bites you.
You hit the bombardier beetle but do no damage.
The bombardier beetle is severely wounded.
The liquid fire burns you!
The bombardier beetle closely misses you.
You hit the bombardier beetle but do no damage.
The bombardier beetle is severely wounded.
The liquid fire burns you!
* * * LOW HITPOINT WARNING * * *
You closely miss the bombardier beetle.
The bombardier beetle is severely wounded.
The liquid fire burns you!
* * * LOW HITPOINT WARNING * * *
The bombardier beetle bites you but does no damage.
You hit the bombardier beetle. You burn the bombardier beetle.
The bombardier beetle is almost dead.
The liquid fire burns you!
* * * LOW HITPOINT WARNING * * *
The bombardier beetle sprays incendiary fluid at you.
The burning spray hits you.
You are even more covered in liquid fire!
You hit the bombardier beetle. You burn the bombardier beetle.
You kill the bombardier beetle!
Makhleb accepts your kill. The liquid fire burns you!
You die...

########.##.. .#
#..... ###.#
#..... #...#
#..... #.#[#
#.#... #...#
#..... #...#
#.##.. #.#.#
#.#... #.@.#
#.#.##
#.#.##########.#.#
#.#............#.#
#.###..###.##.##.#
#.# ##.# #....##.#
#.###.#######.##.#
#....##.##....##.#
######.#.#######.#
####.## #.##


There were no monsters in sight!

Vanquished Creatures
  A bombardier beetle (D:3)
  3 adders (D:2)
  3 ribbon worms
  A dart slug (D:2)
  5 endoplasms
  3 hobgoblins
  4 jackals (D:2)
  5 quokkas
  4 ball pythons
  4 bats
  A frilled lizard (D:1)
  6 goblins
  7 kobolds
  5 rats
52 creatures vanquished.

Notes
Turn   | Place    | Note
-------+----------+-------------------------------------------
     0 | D:1      | GiantSquids the Mountain Dwarf Fighter began the quest for
                  | the Orb.
     0 | D:1      | Reached XP level 1. HP: 19/19 MP: 1/1
    22 | D:1      | Reached skill level 3 in Axes
   128 | D:1      | Reached XP level 2. HP: 21/26 MP: 2/2
   271 | D:1      | Reached skill level 4 in Axes
   581 | D:2      | Reached XP level 3. HP: 31/31 MP: 3/3
   758 | D:2      | Identified the +7 short sword of Yeast {flame, rElec Str+3}
   777 | D:2      | Reached skill level 5 in Axes
  1074 | D:2      | Reached XP level 4. HP: 28/38 MP: 4/4
  1201 | D:2      | Found a hide-covered altar of Uskayaw.
  1482 | D:3      | Found a burning altar of Makhleb.
  1543 | D:3      | Became a worshipper of Makhleb the Destroyer
  1983 | D:3      | HP: 1/38 [burnt (4)]
  1984 | D:3      | Incinerated by a bombardier beetle

Illustrated notes

Levels and vault maps discovered:
D:1:      minmay_arrival_glassed_features, layout_rooms
D:2:      layout_basic, basic_altar
D:3:      layout_loops_ring, mainiacjoe_overflow_tiny_flanked,
          amethyst_killhole, minivault_5

Skill      XL: |  1  2  3 |
---------------+----------+-----
Axes           | 3 4 5 |  5.6
Fighting       | |  3.2
Armour         | |  3.2
Shields        | |  3.2

Action                     |  1- 3 |  4- 6 || total
---------------------------+-------+-------++-------
  Melee: War axe           |    91 |       ||    91
         Short sword       |    23 |    33 ||    56
 Armour: Scale mail        |    47 |       ||    47
         Plate armour      |    73 |    14 ||    87
  Dodge: Dodged            |    54 |     7 ||    61
  Block: Buckler           |    23 |     3 ||    26

Table legend: (Time is in decaauts)
 A = Elapsed time spent in this place.
 B = Non-inter-level travel time spent in this place.
 C = Inter-level travel time spent in this place.
 D = Time resting spent in this place.
 E = Time spent auto-exploring this place.
 F = Levels seen in this place.
 G = Mean time per level.
                   A        B        C        D        E       F      G
               +--------+--------+--------+--------+--------+-----+--------+
         Total |   2014 |   1970 |     44 |      0 |   1587 |   3 |  671.3 |
       Dungeon |   2014 |   1970 |     44 |      0 |   1587 |   3 |  671.3 |
               +--------+--------+--------+--------+--------+-----+--------+

Top non-repeatable levels by time:
     D:2: 852 daAuts
     D:3: 637 daAuts
     D:1: 524 daAuts
